AoeStats
← Murph0uake

Oasis

509061143Analyzed
4v4 RM · 7d ago on Sep 25, 2026· 47m 52s· 8 players
Game mode
Random Map
Map size
Large (8 player)
Population
200
Speed
Normal
Resources
Standard
Victory
Conquest
Starting age
Dark Age
Ending age
Imperial Age
RankedLock teamsTeams togetherTeam positionsShared explorationLock speedFull tech treeHidden civsTurbo modeCheats
Victory
Defeat
🇦🇷 Teutons · Argentina
994
+10
🇪🇸 Khmer · Spain
901
+14
🇵🇱 Saracens · Poland
783
+18
🇭🇰 Italians · Hong Kong SAR China
769
+19
🇧🇪 Maya · Belgium
891
-17
🇬🇧 Danes · United Kingdom
841
-15
🇵🇰 Burgundians · Pakistan
839
-15
🇫🇷 Huns · France
811
-14
Murph0uake
7:53 Loom
10:11 Feudal Age
11:13 Double-Bit Axe
11:10 Horse Collar
16:38 Wheelbarrow
17:39 Scale Mail Armor
18:19 Forging
22:09 Castle Age
24:50 Chain Mail Armor
28:59 Scale Barding Armor
31:44 Pikeman
40:21 Squires
FoXx
0:27 Loom
12:59 Feudal Age
14:12 Horse Collar
14:44 Double-Bit Axe
18:27 Wheelbarrow
18:15 Gold Mining
18:21 Stone Mining
20:56 Town Watch
24:14 Castle Age
24:19 Bloodlines
24:22 Forging
25:25 Caravan
25:41 Bow Saw
29:50 Iron Casting
29:57 Ballistics
30:02 Marauders
30:10 Scale Barding Armor
31:05 Husbandry
35:04 Chain Barding Armor
35:51 Hand Cart
35:32 Fletching
35:39 Murder Holes
38:24 Heavy Plow
42:22 Imperial Age
42:29 Elite Tarkan
44:12 Blast Furnace
44:26 Conscription
44:55 Bodkin Arrow
45:38 Plate Barding Armor
46:06 Chemistry
46:01 Gold Shaft Mining
46:58 Atheism
Hymoteptep
0:26 Loom
9:30 Feudal Age
11:23 Town Watch
11:45 Double-Bit Axe
18:58 Gold Mining
19:29 Horse Collar
20:40 Fletching
21:34 Padded Archer Armor
25:02 Castle Age
23:25 Stone Mining
25:40 Forging
25:26 Crossbowman
27:23 Wheelbarrow
30:03 Bodkin Arrow
31:40 Heavy Plow
32:01 Bow Saw
31:32 Pikeman
33:56 Leather Archer Armor
39:29 Thumb Ring
42:03 Imperial Age
39:55 Hand Cart
39:56 Fortified Wall
40:41 Stone Shaft Mining
43:14 Conscription
42:17 Elite Skirmisher
ALAM-THE-GHAZAI
4:50 Loom
9:18 Horse Collar
12:02 Feudal Age
13:31 Double-Bit Axe
14:52 Heavy Plow
14:44 Stone Mining
15:45 Bow Saw
16:36 Wheelbarrow
21:41 Hand Cart
27:05 Castle Age
27:14 Castle Age
25:27 Arson
26:06 Caravan
27:33 Cavalier
28:15 Husbandry
27:38 Light Cavalry
29:07 Town Watch
31:23 Scale Barding Armor
31:18 Padded Archer Armor
31:13 Pikeman
31:53 Squires
39:25 Imperial Age
38:31 Scale Mail Armor
41:27 Forging
42:03 Paladin
42:06 Hussar
Gullix
0:44 Loom
12:40 Feudal Age
13:56 Wheelbarrow
13:09 Double-Bit Axe
17:01 Fletching
19:24 Gold Mining
23:06 Castle Age
21:15 Stone Mining
24:09 Hand Cart
23:18 Crossbowman
23:54 Bodkin Arrow
26:23 Bow Saw
33:00 Imperial Age
30:36 Town Watch
32:22 Husbandry
35:18 Hoardings
36:25 Conscription
36:45 Horse Collar
41:06 Caravan
42:50 Bloodlines
42:53 Forging
42:48 Scale Barding Armor
44:14 Elite Mameluke
45:38 Thumb Ring
47:12 Town Patrol
OvertChunk95
12:37 Feudal Age
10:53 Loom
13:06 Horse Collar
14:05 Double-Bit Axe
25:03 Castle Age
23:26 Forging
23:49 Bloodlines
24:39 Scale Barding Armor
25:44 Wheelbarrow
25:50 Husbandry
29:18 Iron Casting
30:28 Chain Barding Armor
32:29 Fletching
35:09 Gold Mining
35:10 Stone Mining
38:11 Hand Cart
38:16 Bodkin Arrow
41:46 Heavy Plow
42:14 Bow Saw
45:16 Imperial Age
42:32 Town Watch
44:42 Ballistics
44:53 Caravan
46:52 Conscription
46:35 Tusk Swords
47:34 Crop Rotation
46:51 Elite Battle Elephant
Master Noob
7:07 Loom
9:25 Feudal Age
10:22 Man-at-Arms
12:19 Double-Bit Axe
15:35 Horse Collar
19:07 Castle Age
17:30 Stone Mining
19:21 Fletching
20:08 Bow Saw
21:01 Wheelbarrow
20:23 Gold Mining
20:34 Bodkin Arrow
21:31 Squires
21:59 Town Watch
23:01 Heavy Plow
23:34 Hand Cart
25:01 Stone Shaft Mining
34:14 Imperial Age
31:53 Scale Mail Armor
33:06 Masonry
33:16 Ballistics
33:14 Chain Mail Armor
34:28 Fortified Wall
36:11 Crenellations
36:12 Conscription
36:28 Hoardings
35:15 Elite Teutonic Knight
36:32 Plate Mail Armor
36:13 Forging
37:09 Two-Man Saw
36:41 Crop Rotation
39:33 Iron Casting
39:55 Town Patrol
40:22 Siege Engineers
41:19 Chemistry
40:41 Caravan
42:47 Devotion
44:25 Blast Furnace
43:32 Scale Barding Armor
43:59 Arson
44:00 Gambesons
46:31 Chain Barding Armor
45:35 Pikeman
46:37 Guilds
46:57 Coinage
碰我村民就投
10:16 Feudal Age
13:51 Castle Age
12:43 Double-Bit Axe
12:43 Horse Collar
15:19 Loom
17:36 Bow Saw
17:28 Heavy Plow
26:11 Wheelbarrow
30:39 Imperial Age
30:02 Fletching
30:12 Padded Archer Armor
31:12 Leather Archer Armor
31:00 Bodkin Arrow
31:22 Leather Archer Armor
31:47 Conscription
32:48 Hand Cart
33:47 Bracer
34:17 Ring Archer Armor
34:51 Crop Rotation
35:25 Two-Man Saw
35:05 Coinage
35:08 Elite Genoese Crossbowman
36:21 Ring Archer Armor
36:26 Pirotechnia
38:10 Chemistry
37:31 Ballistics
40:03 Hoardings
40:02 Masonry
39:48 Murder Holes
39:34 Treadmill Crane
39:40 Arrowslits
39:34 Elite Genoese Crossbowman
40:44 Thumb Ring
40:00 Elite Skirmisher
41:05 Forging
41:00 Scale Barding Armor
40:56 Scale Mail Armor
43:37 Architecture
43:18 Fortified Wall
46:44 Iron Casting
46:24 Chain Mail Armor
46:29 Chain Barding Armor
46:59 Squires
46:45 Arson
Connection lost

Rejoining the realm…

Still unreachable

The connection could not be restored.

Session expired

The server has moved on; the page needs a fresh start.